 Dungeon Sprint DCSS version 0.31-a0-868-g674d60d6f7 (webtiles) character file.

Game seed: 2101881151033457354

125 rocky1 the Ducker (level 5, -3/54 HPs)
             Began as a Djinni Gladiator on Oct 12, 2023.
             Slain by a neqoxec (8 damage)
             ... in the Dungeon (Sprint II: "The Violet Keep of Menkaure").
             The game lasted 00:00:21 (26 turns).

rocky1 the Ducker (Djinni Gladiator)                  Turns: 26, Time: 00:00:22

Health: -3/54      AC:  4    Str: 13    XL:     5   Next: 30%
Gold:   0          EV: 15    Int: 10    God:
                   SH:  0    Dex: 16

rFire   + + .        a - +0 long sword
rCold   x . .        (no shield)
rNeg    . . .        b - +0 leather armour
rPois   ∞            c - +0 helmet
rElec   .            (no cloak)
rCorr   .            (no gloves)
SInv    .            (boots unavailable)
Will    .....        (no amulet) Stlth
                     (no ring)
HPRegen 0.29/turn    (no ring)
MPRegen 0.00/turn

%: no teleportation, random rage (3%), infuse magic (-4 HP)
@: berserking (expiring), flying, hasted, very quick
A: sickness immunity, fire resistance 2, cold vulnerability 1, float, innate
caster, HP casting, extra vitality 1, berserk 1, frail 1
a: no special abilities


You were in the Dungeon.
You visited 1 branch

Inventory:

Hand Weapons
 a - a +0 long sword (weapon)
Missiles
 d - 3 throwing nets (quivered)
 e - a javelin
Armour
 b - a +0 leather armour (worn)
 c - a +0 helmet (worn)
Scrolls
 j - a scroll of blinking
Potions
 f - a potion of curing
 g - a potion of heal wounds


   Skills:
 + Level 3.6 Fighting
 + Level 6.4 Long Blades
 + Level 3.0 Throwing
 + Level 6.9 Dodging


You knew the following spells:

 Your Spells              Type           Power      Damage    Failure   Level
a - Magic Dart            Conj           0%         1d3       43%         1
b - Jinxbite              Hex            0%         N/A       58%         2
Your spell library was empty.

Dungeon Overview and Level Annotations

Branches:
Dungeon (1/1)

Altars:


Innate Abilities, Weirdness & Mutations

You are immune to sickness and miasma.
You are immune to poison.
Your flesh is very heat resistant. (rF++)
You are vulnerable to cold. (rC-)
You float through the air rather than walking.
You learn spells naturally, not from books.
Your magical power is your life essence.
You have superior vitality. (+4 MHP)
You sometimes lose your temper in combat.
You are frail. (-10% HP)


Message History

Your Fighting skill increases to level 3!
Your Long Blades skill gained 4 levels and is now at level 6!
Your Throwing skill gained 2 levels and is now at level 3!
Your Dodging skill gained 3 levels and is now at level 6!
You have reached level 2!
You have reached level 3!
Your experience leads to an increase in your attributes!
Increase (S)trength, (I)ntelligence, or (D)exterity?
You feel agile. x2
The power to cast Magic Dart wells up from within.
Spell assigned to 'a'.
You have reached level 4!
You feel clever.
You have reached level 5!
The power to cast Jinxbite wells up from within.
Spell assigned to 'b'.
Unknown command.
You closely miss the neqoxec. The neqoxec hits you.
* * * LOW HITPOINT WARNING * * *
You barely miss the neqoxec. You hit the neqoxec.
The neqoxec is lightly wounded.
The neqoxec gestures at you.
Strange energies course through your body.
You feel frail.
You miss the neqoxec.
The neqoxec is lightly wounded.
The neqoxec hits you!
* * * LOW HITPOINT WARNING * * *
The neqoxec gestures at you.
Something tries to feed on your intellect!
You slash the neqoxec!
The neqoxec is heavily wounded.
The neqoxec completely misses you.
You slash the neqoxec!
The neqoxec is severely wounded.
You closely miss the neqoxec.
The neqoxec is severely wounded.
The neqoxec hits you!
You die...

# # #. #+#
.#
#3##.##l#
#33@<.+#
#..##.##.#
#. #+# l#
#


B#B # .. .. ##$ .## ## ## You could see 3 neqoxecs.

Vanquished Creatures
  A neqoxec (D)
1 creature vanquished.

Notes
Turn   | Place    | Note
-------+----------+-------------------------------------------
     0 | D        | rocky1 the Djinni Gladiator began the quest for the Orb.
     0 | D        | Reached XP level 1. HP: 18/18 MP: 0/0
     1 | D        | Noticed a boulder beetle
     1 | D        | Noticed a boulder beetle
     5 | D        | Noticed a wyvern
     5 | D        | Noticed a wyvern
     9 | D        | Noticed a neqoxec
     9 | D        | Noticed a neqoxec
     9 | D        | Noticed a neqoxec
     9 | D        | Noticed a neqoxec
    15 | D        | Gained mutation: You sometimes lose your temper in combat.
                  | [a neqoxec]
    19 | D        | Killed a neqoxec
    20 | D        | Reached XP level 2. HP: 13/26 MP: 0/0
    20 | D        | Reached XP level 3. HP: 16/31 MP: 0/0
    20 | D        | Learned a level 1 spell: Magic Dart
    20 | D        | Reached XP level 4. HP: 19/37 MP: 0/0
    20 | D        | Reached XP level 5. HP: 21/41 MP: 0/0
    20 | D        | Learned a level 2 spell: Jinxbite
    22 | D        | Gained mutation: You are frail. (-10% HP) [a neqoxec]
    26 | D        | Slain by a neqoxec

Illustrated notes

Levels and vault maps discovered:
D:        the_violet_keep_of_menkaure [sprint2_stairs_cluster_1,
          sprint2_shoproom, sprint2_temple, sprint2_basic_supplies,
          sprint2_obstacle_5, sprint2_obstacle_6, sprint2_obstacle_3,
          sprint2_obstacle_7, sprint2_obstacle_4, sprint2_timed_cluster_1,
          sprint2_smallroom_cluster_1, sprint2_smallroom_final_cluster_1,
          sprint2_transparent_cluster_1, sprint2_second_timed_cluster_1,
          sprint2_sniper_area_1, sprint2_heavy_combat_area_1,
          sprint2_mutation_trap_area_1, sprint2_forest_area_1,
          sprint2_light_combat_area_1, sprint2_behind_water_1,
          sprint2_near_end_vault_1]

Skill      XL: |  1 |
---------------+----+-----
Fighting       | 3 |  3.6
Long Blades    | 6 |  6.4
Throwing       | 3 |  3.0
Dodging        | 6 |  6.9

Action                     |  1- 3 |  4- 6 || total
---------------------------+-------+-------++-------
  Melee: Long sword        |     8 |     7 ||    15
    Use: Potion            |     2 |       ||     2
 Armour: Leather armour    |     3 |     3 ||     6
  Dodge: Dodged            |     2 |     1 ||     3

Table legend: (Time is in decaauts)
 A = Elapsed time spent in this place.
 B = Non-inter-level travel time spent in this place.
 C = Inter-level travel time spent in this place.
 D = Time resting spent in this place.
 E = Time spent auto-exploring this place.
 F = Levels seen in this place.
 G = Mean time per level.
                   A        B        C        D        E       F      G
               +--------+--------+--------+--------+--------+-----+--------+
         Total |     22 |     22 |      0 |      0 |      0 |   1 |   22.0 |
       Dungeon |     22 |     22 |      0 |      0 |      0 |   1 |   22.0 |
               +--------+--------+--------+--------+--------+-----+--------+

Top non-repeatable levels by time:
       D: 22 daAuts
